 Dungeon Crawl Stone Soup version 0.21.1-1-g345015f (webtiles) character file.

17541 Fang the Cleaver (level 12, -1/117 HPs)
             Began as a Gargoyle Berserker on June 4, 2018.
             Was a High Priest of Trog.
             Slain by a 16-headed hydra (10 damage)
             ... on level 1 of the Lair of Beasts.
             The game lasted 00:15:47 (11275 turns).

Fang the Cleaver (Gargoyle Berserker)              Turns: 11275, Time: 00:15:48

Health: -1/117     AC: 25    Str: 31    XL:     12   Next: 49%
Magic:  12/12      EV: 12    Int: 12    God:    Trog [*****.]
Gold:   739        SH:  0    Dex:  9    Spells: 11/11 levels left

rFire    . . .     SeeInvis +   h - +9 hand axe of the Last Queens {chop, Int+4}
rCold    + . .     Gourm    .   (no shield)
rNeg     + . .     Faith    +   J - +3 chain mail of Akuih {SInv}
rPois    ∞         Spirit   .   p - +1 helmet
rElec    +         Reflect  .   r - +1 cloak {+Inv}
rCorr    +         Harm     .   (no gloves)
MR       .....                  (no boots)
Stlth    ..........             i - amulet of faith
HPRegen  0.29/turn              x - ring of protection from cold
MPRegen  0.13/turn              A - ring of resist corrosion

@: berserking (expiring), very quick
A: negative energy resistance 1, electricity resistance, unbreathing,
petrification resistance, rot immunity, AC +8
a: Berserk, Trog's Hand, Brothers in Arms, Burn Spellbooks, Renounce Religion,
Evoke Invisibility


You were on level 1 of the Lair of Beasts.
You worshipped Trog.
Trog was extremely pleased with you.
You were very hungry.

You visited 2 branches of the dungeon, and saw 12 of its levels.

You collected 739 gold pieces.

Inventory:

Hand Weapons
 a - a +1 hand axe of protection
 h - the +9 hand axe of the Last Queens (weapon) {chop, Int+4}
   (You found it on level 6 of the Dungeon)

   It inflicts extra damage upon your enemies.
   It affects your intelligence (+4).
 G - a +1 war axe of chopping
Missiles
 F - 2 steel javelins (quivered)
Armour
 n - a scarf of resistance
 p - a +1 helmet (worn)
 r - a +1 cloak of invisibility (worn)
 B - a +1 robe of magic resistance
 J - the +3 chain mail of Akuih (worn) {SInv}
   (You found it on level 11 of the Dungeon)

   It lets you see invisible.
Jewellery
 i - an amulet of faith (around neck)
 x - a ring of protection from cold (left hand)
 A - a ring of resist corrosion (right hand)
 D - an uncursed amulet of rage
 I - a cursed amulet of inaccuracy {unknown}
Wands
 d - a wand of iceblast (21)
 l - a wand of flame (59)
 o - a wand of paralysis (20)
 v - a wand of digging (19)
 C - a wand of acid (10)
Scrolls
 f - 2 scrolls of magic mapping
 k - 2 scrolls of remove curse
 m - 4 scrolls of teleportation
 u - 4 scrolls of fog
 E - a scroll of silence {unknown}
 H - 3 scrolls of identify
Potions
 b - a potion of brilliance
 e - 7 potions of curing
 g - a potion of flight
 j - 4 potions of might
 q - a potion of magic
 s - 2 potions of heal wounds
 t - a potion of invisibility
 w - a potion of lignification
 z - 2 potions of haste
Books
 y - a book of Changes

   Spells                             Type                      Level
   a - Beastly Appendage              Transmutation                1
   b - Sticks to Snakes               Transmutation                2
   c - Spider Form                    Transmutation/Poison         3
   d - Ice Form                       Ice/Transmutation            4
   e - Blade Hands                    Transmutation                5
   Trog disapproves of the use of such an item.
 L - a book of Minor Magic

   Spells                             Type                      Level
   a - Magic Dart                     Conjuration                  1
   b - Blink                          Translocation                2
   c - Call Imp                       Summoning                    2
   d - Slow                           Hexes                        2
   e - Conjure Flame                  Conjuration/Fire             3
   f - Mephitic Cloud                 Conjuration/Poison/Air       3
   Trog disapproves of the use of such an item.
Comestibles
 c - 21 rations
 K - 13 chunks of flesh


   Skills:
 + Level 10.4 Fighting
 + Level 13.0 Axes
 + Level 3.4 Armour
 + Level 7.5 Dodging
 + Level 7.6 Stealth


You had 11 spell levels left.
You didn't know any spells.

Dungeon Overview and Level Annotations

Branches:
Dungeon (11/15)            Temple (0/1) D:5            Lair (1/6) D:11
    Orc: D:9-12

Altars:
Ashenzari
Cheibriados
Fedhas
Hepliaklqana
Kikubaaqudgha
Qazlal
Ru
Yredelemnul

Shops:
D:6 [   D:9 :

Portals:
Ice
Cave: Lair:1


Innate Abilities, Weirdness & Mutations

You are resistant to torment.
Your stone body is resilient. (AC +8)
You are immune to poison.
You resist negative energy. (rN+)
You are resistant to electric shocks. (rElec)
You can survive without breathing.
You are immune to petrification.
You are immune to rotting.


Message History

Unknown command.
You chop one of the 13-headed hydra's heads off!
The 12-headed hydra grows two more!
You slash the 14-headed hydra!
The 14-headed hydra is severely wounded.
The 14-headed hydra bites you but does no damage. x4
The 14-headed hydra bites you.
* * * LOW HITPOINT WARNING * * *
The 14-headed hydra bites you but does no damage.
The 14-headed hydra misses you.
The 14-headed hydra bites you but does no damage. x5
The 14-headed hydra closely misses you. x2
You slice one of the 14-headed hydra's heads off!
The 13-headed hydra grows two more!
You slash the 15-headed hydra!
The 15-headed hydra is severely wounded.
Unknown command.
You hack one of the 15-headed hydra's heads off!
The 14-headed hydra grows two more!
You slash the 16-headed hydra!
The 16-headed hydra is almost dead.
The 16-headed hydra bites you!
You die...

## ## ##.## .. #.
#####...#####.# ##
....#..#..#..# #.
#P..>.. ....## #.
#..#.##..... .+
##..#..#.#.. #
#.≈..#..##.# #
#.@....##.# #≈.D#...#..#
#≈...#≈.....#####
.≈.=...#≈.........#
.......∩#≈.......†.#####
....#####≈.......†††....
.... ≈≈≈.......†.#.#..
... .............###P#
..##.########## ###


You could see a 16-headed hydra.

Vanquished Creatures
  A centaur warrior (D:11)
  Erica (D:11)
  2 two-headed ogres
  The ghost of zuik the Impaler, a novice MfGl of Fedhas (D:8)
  2 ugly things (D:11)
  An elephant (D:11)
  A cyclops (D:11)
  A gargoyle (D:8)
  2 rime drakes (Lair:1)
  A centaur skeleton (D:10)
  The ghost of CougarLife the Ruffian, an amateur TrMo (D:5)
  2 trolls (D:10)
  2 hornets
  5 hippogriffs
  20 yaks
  A vampire (D:11)
  A spriggan (D:9)
  A basilisk (D:11)
  Grum (D:8)
  A hungry ghost (D:9)
  2 water moccasins
  An acid dragon (D:11)
  5 orc warriors
  A porcupine (Lair:1)
  3 sky beasts
  3 ice beasts
  A black bear (D:7)
  4 wolves (D:8)
  An ogre (D:11)
  An eye of draining (D:9)
  5 centaurs
  A crocodile (D:11)
  2 big kobolds
  12 bullfrogs
  A wyvern zombie (D:6)
  4 scorpions
  5 killer bees (D:9)
  6 howler monkeys (D:9)
  2 bullfrog zombies (D:11)
  3 crimson imps
  4 centaur zombies
  2 quasits
  10 orc priests
  4 jellies
  A bullfrog skeleton (D:5)
  4 hounds
  Crazy Yiuf (D:3)
  5 iguanas
  6 orc wizards
  14 worker ants
  A killer bee zombie (D:9)
  A hound zombie (D:11)
  2 hound skeletons
  Robin (D:4)
  A worker ant zombie (D:5)
  7 gnolls
  11 adders
  3 shadow imps
  2 oozes
  2 worms (D:2)
  3 dart slugs
  A leopard gecko (D:7)
  34 orcs
  2 ball pythons
  3 giant cockroaches
  4 hobgoblins
  7 jackals
  3 quokkas
  11 bats
  A frilled lizard (D:1)
  A giant cockroach zombie (D:6)
  21 goblins
  A jackal skeleton (D:4)
  9 kobolds
  A quokka skeleton (D:9)
  5 rats
300 creatures vanquished.

Notes
Turn   | Place    | Note
-------+----------+-------------------------------------------
     0 | D:1      | Fang the Gargoyle Berserker began the quest for the Orb.
     0 | D:1      | Reached XP level 1. HP: 14/14 MP: 1/1
   369 | D:1      | Reached XP level 2. HP: 14/19 MP: 2/2
   571 | D:1      | Reached skill level 3 in Axes
   692 | D:1      | Reached XP level 3. HP: 22/24 MP: 3/3
   832 | D:2      | Reached ** piety under Trog
   963 | D:2      | Reached XP level 4. HP: 16/29 MP: 4/4
  1282 | D:2      | Found a faded altar of an unknown god.
  1452 | D:2      | Found a hazy altar of Hepliaklqana.
  1460 | D:2      | Found a snail-covered altar of Cheibriados.
  1547 | D:2      | Reached skill level 1 in Stealth
  1547 | D:2      | Reached XP level 5. HP: 29/33 MP: 5/5
  1550 | D:2      | Reached skill level 4 in Axes
  1874 | D:3      | Found a runed door.
  2268 | D:3      | Noticed Crazy Yiuf
  2274 | D:3      | Killed Crazy Yiuf
  2608 | D:4      | Reached XP level 6. HP: 37/39 MP: 6/6
  3029 | D:4      | Reached skill level 5 in Axes
  3032 | D:4      | Noticed Robin
  3042 | D:4      | Killed Robin
  3116 | D:4      | Reached XP level 7. HP: 44/44 MP: 7/7
  3118 | D:4      | Reached *** piety under Trog
  3396 | D:5      | Entered Level 5 of the Dungeon
  3553 | D:5      | Noticed CougarLife's ghost (amateur TrMo)
  3572 | D:5      | Killed CougarLife's ghost
  3572 | D:5      | Reached skill level 5 in Fighting
  3572 | D:5      | Reached skill level 6 in Axes
  3987 | D:5      | Found a staircase to the Ecumenical Temple.
  4068 | D:5      | Reached XP level 8. HP: 45/49 MP: 8/8
  4191 | D:5      | Found a basalt altar of Yredelemnul.
  4752 | D:6      | Got a twisted hand axe
  4753 | D:6      | Identified the +9 hand axe of the Last Queens {chop, Int+4} (You found it on level 6 of the Dungeon)
  4962 | D:6      | Found Katzam's Armour Emporium.
  4994 | D:6      | Reached skill level 7 in Axes
  5220 | D:6      | Reached **** piety under Trog
  5887 | D:7      | Found a sacrificial altar of Ru.
  5890 | D:7      | Found an ancient bone altar of Kikubaaqudgha.
  5893 | D:7      | Found a blossoming altar of Fedhas.
  5896 | D:7      | Found a shattered altar of Ashenzari.
  6134 | D:7      | Reached XP level 9. HP: 53/55 MP: 9/9
  6154 | D:7      | Reached skill level 8 in Axes
  6452 | D:8      | Noticed Grum
  6477 | D:8      | Killed Grum
  6664 | D:8      | Noticed zuik's ghost (novice MfGl)
  6680 | D:8      | Killed zuik's ghost
  6680 | D:8      | Reached skill level 9 in Axes
  6680 | D:8      | Reached skill level 5 in Dodging
  6682 | D:8      | Reached XP level 10. HP: 18/63 MP: 10/10
  6973 | D:8      | Noticed a gargoyle
  6993 | D:8      | Killed a gargoyle
  7216 | D:8      | Found a stormy altar of Qazlal.
  7253 | D:9      | Reached skill level 10 in Axes
  7657 | D:9      | Noticed a two-headed ogre
  7662 | D:9      | Killed a two-headed ogre
  7662 | D:9      | Reached skill level 5 in Stealth
  7832 | D:9      | Received a gift from Trog
  7857 | D:9      | Reached skill level 11 in Axes
  8269 | D:9      | Found Jonyw's Book Shop.
  8350 | D:9      | Reached XP level 11. HP: 41/69 MP: 11/11
  8753 | D:10     | Entered Level 10 of the Dungeon
  9969 | D:11     | Found a staircase to the Lair.
  9985 | D:11     | Reached skill level 12 in Axes
 10042 | D:11     | Got a bloodstained chain mail
 10053 | D:11     | Identified the +3 chain mail of Akuih {SInv} (You found it on level 11 of the Dungeon)
 10064 | D:11     | Noticed a purple ugly thing
 10074 | D:11     | Killed a purple ugly thing
 10107 | D:11     | Noticed a centaur warrior
 10120 | D:11     | Killed a centaur warrior
 10540 | D:11     | Noticed Erica
 10558 | D:11     | Killed Erica
 10558 | D:11     | Reached ***** piety under Trog
 10558 | D:11     | Reached XP level 12. HP: 76/77 MP: 12/12
 10563 | D:11     | Noticed a two-headed ogre
 10569 | D:11     | Killed a two-headed ogre
 10573 | D:11     | Reached skill level 10 in Fighting
 10720 | D:11     | Found a hazy altar of Hepliaklqana.
 11096 | Lair:1   | Entered Level 1 of the Lair of Beasts
 11256 | Lair:1   | Noticed a six-headed hydra
 11257 | Lair:1   | Found a frozen archway.
 11261 | Lair:1   | Reached skill level 13 in Axes
 11275 | Lair:1   | Slain by a 16-headed hydra

Skill      XL: |  1  2  3  4  5  6  7  8  9 10 11 12 |
---------------+-------------------------------------+-----
Axes           | 3 4 5 6 7 9 11 12 13 | 13.0
Dodging        | 2 3 4 5 6 7 |  7.5
Fighting       | 4 5 6 7 8 9 10 | 10.4
Stealth        | 1 2 4 5 7 |  7.6
Armour         | 3 |  3.4

Action                   |  1- 3 |  4- 6 |  7- 9 | 10-12 || total
-------------------------+-------+-------+-------+-------++-------
Melee: Hand axe          |   137 |   161 |   238 |   414 ||   950
Invok: Berserk           |       |     6 |     4 |     9 ||    19
  Use: Scroll            |       |       |    16 |     6 ||    22
 Stab: Sleeping          |     1 |     1 |     4 |     7 ||    13
       Distracted        |       |       |       |     3 ||     3
  Eat: Chunk             |       |    12 |     9 |    18 ||    39
       Ration            |       |       |     2 |     2 ||     4
Armor: Animal skin       |    56 |    72 |    47 |       ||   175
       Robe              |       |       |    26 |    96 ||   122
       Chain mail        |       |       |       |    98 ||    98
Dodge: Dodged            |   107 |   102 |   142 |   235 ||   586
